 Dungeon Crawl Stone Soup version 0.29.0-4-gdea44cf6ec (webtiles) character file.

Game seed: 3476507338440669715

665 qw the Blocker (level 7, -2/41 HPs)
             Began as a Gargoyle Fighter on Sept 10, 2022.
             Was an Initiate of Okawaru.
             Slain by a water moccasin (5 damage)
             ... on level 5 of the Dungeon.
             The game lasted 00:01:49 (4463 turns).

qw the Blocker (Gargoyle Fighter)                   Turns: 4463, Time: 00:01:50

Health: -2/41      AC: 21    Str: 21    XL:     7   Next: 57%
Magic:  7/7        EV:  4    Int:  9    God:    Okawaru [......]
Gold:   332        SH: 14    Dex:  9    Spells: 6/6 levels left

rFire   . . .      SeeInvis .   Y - +1 war axe (flame)
rCold   . . .      Faith    .   o - +0 tower shield
rNeg    + . .      Spirit   .   k - +0 chain mail
rPois   inf        Reflect  .   l - +0 helmet
rElec   +          Harm     .   (no cloak)
rCorr   .          Rampage  .   i - +1 pair of gloves
Will    .....                   (no boots)
Stlth   ..........              j - amulet of the acrobat
HPRegen 0.13/turn               c - +4 ring of protection
MPRegen 0.10/turn               (no ring)

@: no status effects
A: sickness immunity, AC +4, negative energy resistance 1, electricity
resistance, torment resistance 1, petrification resistance
a: Renounce Religion


You were on level 5 of the Dungeon.
You worshipped Okawaru.
Okawaru was noncommittal.
You visited 2 branches of the dungeon, and saw 6 of its levels.

You collected 332 gold pieces.


Innate Abilities, Weirdness & Mutations

You are immune to sickness and miasma.
Your stone body is resilient. (AC +4)
You are immune to poison.
You resist negative energy. (rN+)
You are resistant to electric shocks. (rElec)
You are resistant to unholy torment.
You are immune to petrification.


   Skills:
 - Level 3.2 Fighting
 + Level 4.4 Axes
 - Level 3.2 Armour
 - Level 8.0 Shields


You had 6 spell levels left.
You didn't know any spells.
Your spell library was empty.

Inventory:

Hand Weapons
 Y - a +1 war axe of flaming (weapon)
Armour
 i - a +1 pair of gloves (worn)
 k - a +0 chain mail (worn)
 l - a +0 helmet (worn)
 o - a +0 tower shield (worn)
Jewellery
 c - a +4 ring of protection (left hand)
 j - an amulet of the acrobat (around neck)
Scrolls
 a - 2 scrolls of identify
Potions
 b - a potion of lignification
 d - 4 potions of might
 f - 2 potions of attraction
 g - 2 potions of curing

Dungeon Overview and Level Annotations

Branches:
Dungeon (5/15)             Temple (1/1) D:5

Altars:
Cheibriados
Dithmenos
Elyvilon
Fedhas
Gozag
Hepliaklqana
Kikubaaqudgha
Makhleb
Nemelex Xobeh
Okawaru
Qazlal
Sif Muna
Trog
Uskayaw
Vehumet
Wu Jian
Xom
Yredelemnul
The Shining One

Shops:
D:4 (


Message History

The orc attacks as you move away! The orc hits you with a +0 whip.
The orc attacks as you move away! You block the orc's attack.
You barely miss the orc.
The orc is almost dead.
The orc hits you but does no damage. You block the orc's attack.
The orc hits you but does no damage.
You hit the orc but do no damage.
The orc is almost dead.
You slash the orc! You burn the orc.
You kill the orc!
Okawaru accepts your kill. You block the orc's attack. x2
You closely miss the orc.
The orc is severely wounded.
You block the orc's attack.
You slash the orc! You burn the orc.
You kill the orc!
Okawaru accepts your kill.
You start resting.
A water moccasin is nearby!
You miss the water moccasin.
The water moccasin bites you but does no damage. x2
You miss the water moccasin. The water moccasin barely misses you.
The water moccasin bites you but does no damage.
You miss the water moccasin.
The water moccasin completely misses you.
The water moccasin bites you but does no damage.
You block the water moccasin's attack.
You hit the water moccasin. You burn the water moccasin.
The water moccasin is moderately wounded.
The water moccasin bites you but does no damage. x2
You barely miss the water moccasin.
The water moccasin is moderately wounded.
You block the water moccasin's attack.
The water moccasin bites you but does no damage.
You closely miss the water moccasin.
The water moccasin is moderately wounded.
You block the water moccasin's attack. The water moccasin bites you.
You die...

## #############
##7o7#
##.....#.....#
#o......
#####............
#########.##.
#.### #.### #.#..
########.#..
##.[...##....


You could see a water moccasin.

Vanquished Creatures
  Eustachio (D:5)
  An ice beast (D:3)
  A centaur (D:5)
  A hound (D:4)
  2 orc priests
  3 iguanas
  Robin (D:2)
  4 adders
  2 worms
  3 dart slugs
  13 orcs
  7 ball pythons
  5 bats
  10 endoplasms
  2 giant cockroaches
  15 goblins
  10 hobgoblins
  4 jackals
  7 kobolds
  3 frilled lizards
  4 rats (D:1)
99 creatures vanquished.

Notes
Turn   | Place    | Note
-------+----------+-------------------------------------------
     0 | D:1      | qw the Gargoyle Fighter began the quest for the Orb.
     0 | D:1      | Reached XP level 1. HP: 14/14 MP: 1/1
     0 | D:1      | 0 ||| qw: Version: 0.1-a-116-g5d60599
     0 | D:1      | 0 ||| qw: Game counter: 7508
     0 | D:1      | 0 ||| qw: Always use a shield: true
     0 | D:1      | 0 ||| qw: God list: Okawaru
     0 | D:1      | 0 ||| qw: Allow faded altars: false
     0 | D:1      | 0 ||| qw: Do Orc after D:15 true
     0 | D:1      | 0 ||| qw: Do second Lair branch before Depths: true
     0 | D:1      | 0 ||| qw: Lair rune preference: random
     0 | D:1      | 0 ||| qw: Plans: Normal, Zot, God:TSO, Crypt, Tomb, Zig,
                  | Orb
     0 | D:1      | 0 ||| PLANNING D:1-11
   349 | D:1      | Reached XP level 2. HP: 19/19 MP: 2/2
   799 | D:1      | Reached skill level 3 in Axes
   913 | D:1      | Reached XP level 3. HP: 23/23 MP: 3/3
  1183 | D:1      | 1183 ||| UPGRADING to +0 tower shield.
  1193 | D:1      | 1193 ||| DROPPING +0 buckler.
  1194 | D:1      | 1194 ||| UPGRADING to amulet of guardian spirit.
  1199 | D:1      | 1199 ||| READING 2 scrolls labelled HUASU ZUAHEQUTZE.
  1200 | D:1      | 1200 ||| READING scroll labelled SURULI AHYDOM.
  1201 | D:1      | 1201 ||| READING scroll labelled BAKHAF HAOFEN.
  1205 | D:1      | 1205 ||| READING scroll labelled CICLAVV ZASILL.
  1206 | D:1      | 1206 ||| READING scroll labelled OMENWURETZA.
  1307 | D:1      | 1307 ||| DRINKING 2 coppery potions.
  1308 | D:1      | 1308 ||| DRINKING 3 glowing black potions.
  1309 | D:1      | 1309 ||| DROPPING 2 potions of brilliance.
  1436 | D:2      | Found a hide-covered altar of Uskayaw.
  1487 | D:2      | 1487 ||| Stepping ~*~*~tactically~*~*~ (stealth).
  1500 | D:2      | Noticed Robin
  1501 | D:2      | 1501 ||| Stepping ~*~*~tactically~*~*~ (stealth).
  1503 | D:2      | 1503 ||| Stepping ~*~*~tactically~*~*~ (hiding).
  1510 | D:2      | Killed Robin
  1511 | D:2      | Reached skill level 4 in Shields
  1513 | D:2      | Reached XP level 4. HP: 26/28 MP: 4/4
  1634 | D:2      | 1634 ||| DROPPING +0 club.
  1640 | D:2      | 1640 ||| Stepping ~*~*~tactically~*~*~ (stealth).
  1670 | D:2      | Found a faded altar of an unknown god.
  1895 | D:2      | 1895 ||| UPGRADING to +0 helmet.
  1900 | D:2      | 1900 ||| READING scroll labelled QOESAHAMMA.
  1901 | D:2      | 1901 ||| READING scroll labelled MOELAU COEVUSM.
  1912 | D:3      | 1912 ||| STAIRDANCE
  1963 | D:3      | 1963 ||| Stepping ~*~*~tactically~*~*~ (stealth).
  2147 | D:3      | 2147 ||| DROPPING +0 mace.
  2356 | D:3      | 2356 ||| Stepping ~*~*~tactically~*~*~ (hiding).
  2367 | D:3      | Reached skill level 5 in Shields
  2367 | D:3      | Reached XP level 5. HP: 24/32 MP: 2/5
  2523 | D:3      | Noticed an ice beast
  2524 | D:3      | 2524 ||| Stepping ~*~*~tactically~*~*~ (stealth).
  2538 | D:3      | Killed an ice beast
  2539 | D:3      | Reached skill level 6 in Shields
  2539 | D:3      | Reached XP level 6. HP: 21/37 MP: 3/6
  2687 | D:3      | 2687 ||| UPGRADING to +0 chain mail.
  2697 | D:3      | 2697 ||| DROPPING +0 scale mail.
  2698 | D:3      | 2698 ||| READING scroll labelled ZIDOZX MAURYZUD.
  2699 | D:3      | 2699 ||| READING 5 scrolls of identify.
  2699 | D:3      | 2699 ||| IDENTIFYING fizzy golden potion
  2700 | D:3      | 2700 ||| READING 4 scrolls of identify.
  2700 | D:3      | 2700 ||| IDENTIFYING amethyst potion
  2701 | D:3      | 2701 ||| READING 3 scrolls of identify.
  2701 | D:3      | 2701 ||| IDENTIFYING bubbling black potion
  2702 | D:3      | 2702 ||| READING 2 scrolls of identify.
  2702 | D:3      | 2702 ||| IDENTIFYING lumpy blue potion
  2703 | D:3      | 2703 ||| DROPPING potion of degeneration.
  2704 | D:3      | 2704 ||| DROPPING potion of ambrosia.
  2719 | D:4      | 2719 ||| STAIRDANCE
  2893 | D:4      | 2893 ||| Stepping ~*~*~tactically~*~*~ (stealth).
  3064 | D:4      | Reached skill level 7 in Shields
  3214 | D:4      | Found Taebluxo's Antique Weapon Boutique.
  3217 | D:4      | 3217 ||| UPGRADING to +0 pair of gloves.
  3222 | D:4      | 3222 ||| READING scroll labelled FUJYFAS NECEKH.
  3223 | D:4      | 3223 ||| DRINKING 2 brown potions.
  3224 | D:4      | 3224 ||| DRINKING 2 fuming golden potions.
  3329 | D:4      | 3329 ||| READING 3 scrolls of identify.
  3329 | D:4      | 3329 ||| IDENTIFYING fuming puce potion
  3330 | D:4      | 3330 ||| READING 2 scrolls of identify.
  3330 | D:4      | 3330 ||| IDENTIFYING ruby potion
  3331 | D:4      | 3331 ||| DROPPING potion of invisibility.
  3332 | D:4      | 3332 ||| DROPPING potion of flight.
  3333 | D:4      | 3333 ||| DROPPING potion of berserk rage.
  3342 | D:5      | Entered Level 5 of the Dungeon
  3346 | D:5      | 3346 ||| Stepping ~*~*~tactically~*~*~ (stealth).
  3403 | D:5      | 3403 ||| READING scroll of enchant armour.
  3403 | D:5      | 3403 ||| ENCHANTING +0 pair of gloves.
  3447 | D:5      | Found a hazy altar of Hepliaklqana.
  3488 | D:5      | 3488 ||| READING scroll of brand weapon.
  3488 | D:5      | 3488 ||| BRANDING +1 war axe of draining.
  3489 | D:5      | 3489 ||| DROPPING +0 flail.
  3501 | D:5      | Noticed Eustachio
  3531 | D:5      | HP: 9/37 [Eustachio/+0 rapier (2)]
  3532 | D:5      | 3532 ||| READING scroll of teleportation.
  3533 | D:5      | 3533 ||| DRINKING potion of heal wounds.
  3545 | D:5      | Reached XP level 7. HP: 33/41 MP: 3/7
  3568 | D:5      | 3568 ||| FLEEEEING.
  3588 | D:5      | 3588 ||| Stepping ~*~*~tactically~*~*~ (stealth).
  3761 | D:5      | 3761 ||| Stepping ~*~*~tactically~*~*~ (stealth).
  3762 | D:5      | 3762 ||| Stepping ~*~*~tactically~*~*~ (stealth).
  3799 | D:5      | Killed Eustachio
  3967 | D:5      | Identified the +0 robe "Ymmimunu" {Dex+6}
  4078 | D:5      | Reached skill level 8 in Shields
  4087 | D:5      | Found a staircase to the Ecumenical Temple.
  4088 | D:5      | 4088 ||| PLANNING TEMPLE
  4088 | D:5      | 4088 ||| UPGRADING to +4 ring of protection.
  4089 | D:5      | 4089 ||| READING scroll labelled YTYUS UCOR.
  4095 | Temple   | Entered the Ecumenical Temple
  4296 | Temple   | 4296 ||| PLANNING D:1-11
  4324 | Temple   | Became a worshipper of Warmaster Okawaru
  4325 | Temple   | 4325 ||| REMOVING amulet of guardian spirit.
  4330 | Temple   | 4330 ||| DROPPING amulet of guardian spirit.
  4331 | Temple   | 4331 ||| UPGRADING to amulet of the acrobat.
  4433 | D:5      | 4433 ||| Stepping ~*~*~tactically~*~*~ (hiding).
  4434 | D:5      | 4434 ||| Stepping ~*~*~tactically~*~*~ (hiding).
  4437 | D:5      | 4437 ||| Stepping ~*~*~tactically~*~*~ (hiding).
  4446 | D:5      | HP: 2/41 [orc priest/divine providence (11)]
  4450 | D:5      | 4450 ||| Stepping ~*~*~tactically~*~*~ (stealth).
  4463 | D:5      | Slain by a water moccasin

Levels and vault maps discovered:
D:1:      dpeg_arrival_boxorama, layout_basic
D:2:      layout_rooms, basic_altar, hellmonk_ecumenical_altar_arch_garden,
          uniq_robin
D:3:      layout_rooms
D:4:      layout_cave_pools, serial_shops, nicolae_shop_behind_doors
D:5:      layout_rooms, mainiacjoe_overflow_swirl, minmay_temple_entry_fiery,
          grunt_ministairs_8, chequers_mini_garden, dreamdust_princess_corridor,
          uniq_eustachio
Temple:   mainiacjoe_temple_bowtie_tessellation

Skill      XL: |  1  2  3  4  5  6  7 |
---------------+----------------------+-----
Axes           | 2 3 4 |  4.4
Shields        | 4 5 6 7 8 |  8.0
Fighting       | |  3.2
Armour         | |  3.2

Action                   |  1- 3 |  4- 6 |  7- 9 || total
-------------------------+-------+-------+-------++-------
Melee: War axe           |    80 |   159 |    55 ||   294
Throw: Boomerang         |       |    12 |       ||    12
  Use: Scroll            |     5 |    13 |     1 ||    19
       Potion            |     2 |     3 |       ||     5
Armor: Scale mail        |    39 |    46 |       ||    85
       Chain mail        |       |    92 |    62 ||   154
Dodge: Dodged            |    30 |    40 |    17 ||    87
Block: Buckler           |     7 |       |       ||     7
       Tower shield      |    17 |   145 |    54 ||   216

Table legend:
 A = Non-vault XP
 B = Vault XP
 C = Vault XP percentage of total XP
 D = Non-vault monster count
 E = Vault monster count
 F = Vault count percentage of total count
                 A         B        C        D         E       F
            +---------+---------+-------+---------+---------+-------
      Total |     654 |     297 |  31.2 |      82 |      17 |  17.2
            +---------+---------+-------+---------+---------+-------
        D:1 |      43 |       0 |   0.0 |      25 |       0 |   0.0
        D:2 |      35 |      36 |  50.7 |      16 |      12 |  42.9
        D:3 |     243 |       0 |   0.0 |      24 |       0 |   0.0
        D:4 |     104 |       0 |   0.0 |       8 |       0 |   0.0
        D:5 |     229 |     261 |  53.3 |       9 |       5 |  35.7
            +---------+---------+-------+---------+---------+-------
